MLB
MINNESOTA TWINS @ CHICAGO WHITE SOX
03/31/2099
 
TOP OF THE 1ST
Minnesota Twins batting - Pitching for Chicago White Sox : RHP Hector Canadas
Pitching: RHP Hector Canadas
Batting: SHB William Maki 0-0: Ball
1-0: Foul Ball, location: 2F
1-1: Ground out 3-1 (Groundball, 34, EV 107.5 MPH)
Batting: RHB Dennis Jackson 0-0: Ball
1-0: Fly out, F8 (Flyball, 8LD, EV 101.3 MPH)
Batting: RHB Bill Widby 0-0: Ball
1-0: Called Strike
1-1: Swinging Strike
1-2: Foul Ball, location: 3DF
1-2: Ground out 4-3 (Groundball, 4, EV 96.9 MPH)
Top of the 1st over - 0 runs, 0 hits, 0 errors, 0 left on base; Minnesota 0 - Chicago 0
BOTTOM OF THE 1ST
Chicago White Sox batting - Pitching for Minnesota Twins : LHP Alan Weirauch
Pitching: LHP Alan Weirauch
Batting: RHB Luis Marquina 0-0: Called Strike
0-1: Foul Ball, location: 9LMF
0-2: Ground out 6-3 (Groundball, 56, EV 83.1 MPH)
Batting: RHB Joey Aimone 0-0: Ball
1-0: Ball
2-0: Foul Ball, location: 9LSF
2-1: Ball
3-1: Base on Balls
Batting: LHB Bryan Lupo 0-0: Ball
1-0: Called Strike
Pickoff Throw by Catcher to First - Out!
1-1: Ground out 3-1 (Groundball, 13, EV 89.4 MPH)
Bottom of the 1st over - 0 runs, 0 hits, 0 errors, 0 left on base; Minnesota 0 - Chicago 0
TOP OF THE 2ND
Minnesota Twins batting - Pitching for Chicago White Sox : RHP Hector Canadas
Batting: LHB Emilio Gonzales 0-0: DOUBLE (Flyball, 78XD, EV 109.4 MPH)
Batting: RHB Joe Looby 0-0: Called Strike
0-1: Ball
1-1: SINGLE (Line Drive, 3D, EV 98.1 MPH)
Emilio Gonzales to third
Runner from 3rd tries for Home, SAFE, throw by RF to home
Batting: SHB Dan Mayes 0-0: Called Strike
0-1: Bunted foul
0-2: Foul Ball, location: 7LMF
0-2: Ball
1-2: Ball
2-2: Foul Ball, location: 2F
2-2: Strikes out swinging
Batting: LHB Dan Barker 0-0: Ball
1-0: Ball
2-0: Ball
3-0: Swinging Strike
3-1: Fly out, F4 (Line Drive, 4, EV 68.8 MPH)
Lined into DP, 4-3 (Line Drive, 4, EV 68.8 MPH)
Top of the 2nd over - 1 run, 2 hits, 0 errors, 0 left on base; Minnesota 1 - Chicago 0
BOTTOM OF THE 2ND
Chicago White Sox batting - Pitching for Minnesota Twins : LHP Alan Weirauch
Batting: LHB Josh Densmore 0-0: Ball
1-0: Foul Ball, location: 7LDF
1-1: Ball
2-1: Foul Ball, location: 2F
2-2: Strikes out swinging
Batting: LHB Tim Eaton 0-0: Reached on error, E6 (Groundball, 6, EV 91.9 MPH)
Batting: RHB Brian Jones 0-0: Called Strike
0-1: Swinging Strike
0-2: Fly out, F9 (Flyball, 9, EV 84.4 MPH)
Batting: LHB Kevin Howard 0-0: Called Strike
0-1: Swinging Strike
0-2: Strikes out swinging
Bottom of the 2nd over - 0 runs, 0 hits, 1 error, 1 left on base; Minnesota 1 - Chicago 0
TOP OF THE 3RD
Minnesota Twins batting - Pitching for Chicago White Sox : RHP Hector Canadas
Batting: SHB Nick White 0-0: Ground out 6-3 (Groundball, 6MD, EV 95.6 MPH)
Batting: LHB Chris Armstrong 0-0: Called Strike
0-1: Swinging Strike
0-2: Foul Ball, location: 2F
0-2: Foul Ball, location: 3FF
0-2: Fly out, F8 (Flyball, 8RS, EV 83.1 MPH)
Batting: SHB William Maki 0-0: SINGLE (Groundball, 4MD, EV 97.5 MPH)
Batting: RHB Dennis Jackson 0-0: Ball
1-0: Ball
2-0: Fielders Choice at 2nd, 5-4 (Groundball, 56, EV 83.8 MPH)
Top of the 3rd over - 0 runs, 1 hit, 0 errors, 1 left on base; Minnesota 1 - Chicago 0
BOTTOM OF THE 3RD
Chicago White Sox batting - Pitching for Minnesota Twins : LHP Alan Weirauch
Batting: SHB Jeremy Nussbaum 0-0: Called Strike
0-1: Foul Ball, location: 5F
0-2: Ground out 4-3 (Groundball, 4S, EV 82.5 MPH)
Batting: RHB Mark Clardy 0-0: DOUBLE (Groundball, 5L, EV 97.5 MPH)
Batting: RHB Luis Marquina 0-0: Called Strike
0-1: Called Strike
0-2: Fly out, F8 (Flyball, 8LD, EV 93.1 MPH)
Batting: RHB Joey Aimone 0-0: Ball
1-0: Called Strike
1-1: Ball
2-1: Ball
3-1: Foul Ball, location: 9LSF
3-2: SINGLE (Groundball, 4S, EV 64.4 MPH) (infield hit)
Mark Clardy to third
Batting: LHB Bryan Lupo 0-0: Ball
1-0: Fly out, F8 (Line Drive, 8RM, EV 95.6 MPH)
Bottom of the 3rd over - 0 runs, 2 hits, 0 errors, 2 left on base; Minnesota 1 - Chicago 0
TOP OF THE 4TH
Minnesota Twins batting - Pitching for Chicago White Sox : RHP Hector Canadas
Batting: RHB Bill Widby 0-0: Ball
1-0: Foul Ball, location: 9LSF
1-1: Ball
2-1: Swinging Strike
2-2: Foul Ball, location: 7LMFF
2-2: Strikes out looking
Batting: LHB Emilio Gonzales 0-0: Foul Ball, location: 2F
0-1: Called Strike
0-2: Ball
1-2: Fly out, F9 (Flyball, 9D, EV 101.9 MPH)
Batting: RHB Joe Looby 0-0: Foul Ball, location: 3DF
0-1: Ball
1-1: Ball
2-1: Foul Ball, location: 2F
2-2: Strikes out looking
Top of the 4th over - 0 runs, 0 hits, 0 errors, 0 left on base; Minnesota 1 - Chicago 0
BOTTOM OF THE 4TH
Chicago White Sox batting - Pitching for Minnesota Twins : LHP Alan Weirauch
Batting: LHB Josh Densmore 0-0: Called Strike
0-1: Foul Ball, location: 7LMF
0-2: Strikes out looking
Batting: LHB Tim Eaton 0-0: SINGLE (Line Drive, 8LS, EV 107.5 MPH)
Batting: RHB Brian Jones 0-0: Ball
1-0: Swinging Strike
1-1: DOUBLE (Line Drive, 89M, EV 90.0 MPH)
Tim Eaton to third
Runner from 3rd tries for Home, SAFE, throw by CF to trailing runner, OUT at third! 8-3-5
Batting: LHB Kevin Howard 0-0: Called Strike
0-1: Swinging Strike
0-2: Ball
1-2: Strikes out swinging
Bottom of the 4th over - 1 run, 2 hits, 0 errors, 0 left on base; Minnesota 1 - Chicago 1
TOP OF THE 5TH
Minnesota Twins batting - Pitching for Chicago White Sox : RHP Hector Canadas
Pitching: RHP Steve Black
Now in LF: Frank Mumm
Batting: SHB Dan Mayes 0-0: Called Strike
0-1: Foul Ball, location: 7LSF
0-2: Foul Ball, location: 3F
0-2: Foul Ball, location: 23F
0-2: Foul Ball, location: 2F
0-2: Ball
1-2: SINGLE (Line Drive, 4D, EV 103.8 MPH)
Batting: LHB Dan Barker 0-0: Ball
Dan Mayes steals 2nd base
1-0: SINGLE (Line Drive, 34D, EV 94.4 MPH)
Dan Mayes to third
Runner from 3rd tries for Home, SAFE, throw by RF to home
Dan Barker to second
Batting: SHB Nick White 0-0: Foul Ball, location: 5FF
0-1: Foul Ball, location: 7LSF
0-2: SINGLE (Line Drive, 4D, EV 102.5 MPH)
Dan Barker to third
Batting: LHB Chris Armstrong 0-0: Called Strike
0-1: Grounds into double play, 6-4-3 (Groundball, 6, EV 100.0 MPH)
Dan Barker scores
Pinch Hitting: RHB David Bazley 0-0: Ball
1-0: Swinging Strike
1-1: Ball
2-1: Foul Ball, location: 9LDF
2-2: Foul Ball, location: 7LDF
2-2: Strikes out looking
Top of the 5th over - 2 runs, 3 hits, 0 errors, 0 left on base; Minnesota 3 - Chicago 1
BOTTOM OF THE 5TH
Chicago White Sox batting - Pitching for Minnesota Twins : LHP Alan Weirauch
Now at C: Jake Landen
Now in LF: Jay Molteni
Now in CF: Joe Looby
Batting: SHB Jeremy Nussbaum 0-0: Ball
1-0: Called Strike
1-1: Ground out 1-3 (Groundball, 34S, EV 66.3 MPH)
Batting: RHB Mark Clardy 0-0: Ball
1-0: Swinging Strike
1-1: Ground out 6-3 (Groundball, 56, EV 105.6 MPH)
Batting: LHB Frank Mumm 0-0: Ball
1-0: Foul Ball, location: 2F
1-1: Ball
2-1: Ball
3-1: Foul Ball, location: 25F
3-2: Ground out 4-3 (Groundball, 4, EV 84.4 MPH)
Bottom of the 5th over - 0 runs, 0 hits, 0 errors, 0 left on base; Minnesota 3 - Chicago 1
TOP OF THE 6TH
Minnesota Twins batting - Pitching for Chicago White Sox : RHP Steve Black
Now at C: Marshall Hughes
Now at 2B: Chris Hodges
Now at SS: Vinny Figueroa
Now in RF: Tyler Fauver
Batting: RHB Dennis Jackson 0-0: Called Strike
0-1: Ball
1-1: Called Strike
1-2: Foul Ball, location: 3F
1-2: Strikes out looking
Batting: RHB Rogelio Rivera 0-0: Ball
1-0: Ball
2-0: Ball
3-0: Base on Balls
Pinch Hitting: RHB Greg Schuler 0-0: Ball
Rogelio Rivera steals 2nd base
1-0: Foul Ball, location: 9LDF
1-1: Called Strike
1-2: Strikes out swinging
Batting: RHB Joe Looby 0-0: Ball
1-0: Swinging Strike
1-1: Swinging Strike
1-2: Ball
2-2: Strikes out swinging
Top of the 6th over - 0 runs, 0 hits, 0 errors, 1 left on base; Minnesota 3 - Chicago 1
BOTTOM OF THE 6TH
Chicago White Sox batting - Pitching for Minnesota Twins : LHP Alan Weirauch
Now at 3B: Dan Canseco
Batting: RHB John Kofoid 0-0: Ball
1-0: Called Strike
1-1: Foul Ball, location: 2LF
1-2: Foul Ball, location: 23FF
1-2: Ball
2-2: Fly out, F9 (Flyball, 9LMF, EV 85.6 MPH)
Pinch Hitting: LHB D.J. Horrigan 0-0: SINGLE (Groundball, 6MS, EV 66.3 MPH) (infield hit)
Pinch Hitting: RHB Won-ho Nham 0-0: Ball
1-0: Called Strike
1-1: Called Strike
1-2: Ball
2-2: Ball
3-2: Strikes out looking
Batting: LHB Tyler Fauver 0-0: Called Strike
0-1: Ball
1-1: Ball
2-1: Ball
3-1: Called Strike
3-2: Reached on error, E4 (Groundball, 4, EV 103.1 MPH)
D.J. Horrigan to third
Pitching: RHP Jaden Moore
Pinch Hitting: LHB Marcos Elizondo 0-0: Ball
1-0: Ball
2-0: Foul Ball, location: 7LDF
2-1: Foul Ball, location: 5F
2-2: Foul Ball, location: 3FF
2-2: Foul Ball, location: 5SF
2-2: Foul Ball, location: 2F
2-2: Ball
3-2: Foul Ball, location: 23FF
3-2: Strikes out swinging
Bottom of the 6th over - 0 runs, 1 hit, 1 error, 2 left on base; Minnesota 3 - Chicago 1
TOP OF THE 7TH
Minnesota Twins batting - Pitching for Chicago White Sox : RHP Steve Black
Pitching: RHP Victor Peden
Now at 1B: Marcos Elizondo
Now at 2B: Won-ho Nham
Now at 3B: D.J. Horrigan
Now in CF: Milt Gomez
Batting: SHB Dan Mayes 0-0: Ball
1-0: DOUBLE (Line Drive, 7LS, EV 112.5 MPH)
Batting: LHB Dan Barker 0-0: Called Strike
0-1: Foul Ball, location: 2F
0-2: Foul Ball, location: 7LDF
0-2: Strikes out swinging
Batting: SHB Nick White 0-0: Fly out, F8 (Flyball, 8LM, EV 93.1 MPH)
Pitching: LHP Jonathan Obrochta
Batting: LHB Jay Molteni 0-0: Ball
1-0: Called Strike
1-1: Foul Ball, location: 25F
1-2: Ball
2-2: Ball
3-2: Ground out 4-3 (Groundball, 4, EV 78.8 MPH)
Top of the 7th over - 0 runs, 1 hit, 0 errors, 1 left on base; Minnesota 3 - Chicago 1
BOTTOM OF THE 7TH
Chicago White Sox batting - Pitching for Minnesota Twins : RHP Jaden Moore
Pitching: LHP Andres Martines
Batting: SHB Milt Gomez 0-0: Called Strike
0-1: Foul Ball, location: 2F
0-2: Strikes out swinging
Batting: RHB Vinny Figueroa 0-0: Foul Ball, location: 2F
0-1: Swinging Strike
0-2: Ball
1-2: Foul Ball, location: 2F
1-2: Ball
2-2: Ball
3-2: Strikes out looking
Batting: RHB Marshall Hughes 0-0: Called Strike
0-1: Ball
1-1: Foul Ball, location: 2F
1-2: Ball
2-2: Strikes out looking
Bottom of the 7th over - 0 runs, 0 hits, 0 errors, 0 left on base; Minnesota 3 - Chicago 1
TOP OF THE 8TH
Minnesota Twins batting - Pitching for Chicago White Sox : LHP Jonathan Obrochta
Pitching: RHP Matthew Emerson
Batting: RHB Jake Landen 0-0: Foul Ball, location: 3F
0-1: Swinging Strike
0-2: Ball
1-2: Ball
2-2: Strikes out swinging
Batting: RHB Dennis Jackson 0-0: Ground out 6-3 (Groundball, 6S, EV 69.4 MPH)
Batting: RHB Rogelio Rivera 0-0: Swinging Strike
0-1: Swinging Strike
0-2: Foul Ball, location: 7LMF
0-2: Ball
1-2: Strikes out swinging
Top of the 8th over - 0 runs, 0 hits, 0 errors, 0 left on base; Minnesota 3 - Chicago 1
BOTTOM OF THE 8TH
Chicago White Sox batting - Pitching for Minnesota Twins : LHP Andres Martines
Pitching: LHP Jeff Downing
Batting: LHB Frank Mumm 0-0: Ball
1-0: DOUBLE (Groundball, 3L, EV 94.4 MPH)
Batting: RHB John Kofoid 0-0: DOUBLE (Flyball, 7LD, EV 94.4 MPH)
Frank Mumm scores
Pinch Hitting: RHB Butch Arnett 0-0: Ball
1-0: Ball
2-0: Ball
3-0: Called Strike
3-1: Base on Balls
Pinch Hitting: RHB Nate Jennings 0-0: Called Strike
0-1: Ball
1-1: Ball
2-1: Called Strike
2-2: Ball
Wild Pitch!
John Kofoid to third
Butch Arnett to second
3-2: Strikes out swinging
Pinch Hitting: RHB John Routt 0-0: Called Strike
0-1: Ball
1-1: SINGLE (Line Drive, 89S, EV 93.8 MPH)
John Kofoid scores
Butch Arnett to third
Pinch Hitting: RHB Ryan Foss 0-0: Foul Ball, location: 2F
0-1: Ball
1-1: Swinging Strike
1-2: Ball
2-2: Foul Ball, location: 9LSFF
2-2: Ball
3-2: Strikes out swinging
Pitching: RHP Mitsuyasu Kume
Pinch Hitting: LHB Billy Stanley 0-0: Foul Ball, location: 7LSF
0-1: Foul Ball, location: 5F
0-2: Ground out 4-3 (Groundball, 4, EV 90.6 MPH)
Bottom of the 8th over - 2 runs, 3 hits, 0 errors, 2 left on base; Minnesota 3 - Chicago 3
TOP OF THE 9TH
Minnesota Twins batting - Pitching for Chicago White Sox : RHP Matthew Emerson
Pitching: RHP Kevin Brodnik
Now at 1B: Butch Arnett
Now at 2B: Jose Delgado
Now at 3B: James Burgin
Now in CF: Kenny Helm
Now in RF: John Iglesias
Batting: RHB Dan Canseco 0-0: Called Strike
0-1: Ball
1-1: DOUBLE (Flyball, 89D, EV 106.9 MPH)
Batting: RHB Joe Looby 0-0: Ball
1-0: Ball
2-0: Ball
3-0: Base on Balls
Batting: SHB Dan Mayes Balk!
Dan Canseco to third
Joe Looby to second
0-0: Ball
1-0: Ball
2-0: Called Strike
2-1: SINGLE (Groundball, 34, EV 103.1 MPH)
Dan Canseco scores
Joe Looby to third
Pitching: LHP Jeffrey Baker
Batting: LHB Dan Barker 0-0: Ball
1-0: Fly out, F7 (Flyball, 78M, EV 86.9 MPH)
Runner from 3rd tags up, OUT at HOME! 7-2
Dan Mayes to second
Batting: SHB Nick White 0-0: Ball
1-0: Ball
2-0: Ball
Wild Pitch!
Dan Mayes to third
3-0: Called Strike
3-1: Called Strike
3-2: Foul Ball, location: 9LSF
3-2: Ground out 5-3 (Groundball, 56, EV 84.4 MPH)
Top of the 9th over - 1 run, 2 hits, 0 errors, 1 left on base; Minnesota 4 - Chicago 3
BOTTOM OF THE 9TH
Chicago White Sox batting - Pitching for Minnesota Twins : RHP Mitsuyasu Kume
Pinch Hitting: LHB Elias Mato 0-0: Ball
1-0: Swinging Strike
1-1: Called Strike
1-2: Ball
2-2: SINGLE (Line Drive, 5D, EV 96.9 MPH)
Pinch Hitting: SHB Ben Reiners 0-0: Bunt missed!
0-1: Ball
1-1: Ball
2-1: Bunted foul
2-2: Ball
3-2: Grounds into double play, 4-6-3 (Groundball, 4, EV 84.4 MPH)
Pitching: LHP Nick Long
Pinch Hitting: LHB Dan Roos 0-0: Called Strike
0-1: Swinging Strike
0-2: Fly out, F7 (Flyball, 7D, EV 93.8 MPH)
Bottom of the 9th over - 0 runs, 1 hit, 0 errors, 0 left on base; Minnesota 4 - Chicago 3
Wednesday, May 1st , 2024 - OOTP Baseball 24.11 Build 85